 Dungeon Crawl Stone Soup version 0.22-a0-443-g17c3723 (webtiles) character file.

5664 tilp the Spear-Bearer (level 10, -5/69 (74) HPs)
             Began as a Merfolk Ice Elementalist on May 31, 2018.
             Was a Priest of Makhleb.
             Hit by a large rock thrown by a cyclops (28 damage)
             ... on level 11 of the Dungeon.
             The game lasted 00:39:12 (13963 turns).

tilp the Spear-Bearer (Merfolk Ice Elementalist)   Turns: 13963, Time: 00:39:12

HP:   -5/69 (74)    AC:  4    Str:  9    XL:     10   Next: 75%
MP:   21/22         EV: 15    Int: 18    God:    Makhleb [***...]
Gold: 395           SH:  7    Dex: 14    Spells: 7/13 levels left

rFire    x . .     SeeInvis .   b - +0 trident
rCold    + . .     Gourm    .   x - +2 buckler
rNeg     . . .     Faith    .   a - +0 robe
rPois    .         Spirit   .   (no helmet)
rElec    .         Reflect  .   (no cloak)
rCorr    .         Harm     .   n - +0 pair of gloves
MR       .....                  Q - +0 pair of boots
Stlth    ++........             (no amulet)
HPRegen  0.00/turn              y - ring of ice
MPRegen  0.18/turn              u - ring of magical power

@: non-regenerating, mildly diseased, drained
A: change form in water, swift swim, stealthy swim
a: Minor Destruction, Lesser Servant of Makhleb, Renounce Religion


You were on level 11 of the Dungeon.
You worshipped Makhleb.
Makhleb was most pleased with you.
You were hungry.

You visited 1 branch of the dungeon, and saw 11 of its levels.

You collected 710 gold pieces.
You spent 315 gold pieces at shops.

Inventory:

Hand Weapons
 b - a +0 trident (weapon)
 h - a +0 spear
 k - a cursed +0 hand axe
 J - a +6 halberd of freezing
Missiles
 D - 9 tomahawks (quivered)
Armour
 a - a +0 robe (worn)
 n - a +0 pair of gloves (worn)
 x - a +2 buckler (worn)
 N - a +2 robe of positive energy
 Q - a +0 pair of boots (worn)
Jewellery
 r - an uncursed ring of protection from cold
 u - a ring of magical power (right hand)
 y - a ring of ice (left hand)
 A - an uncursed ring of stealth
 C - a +2 ring of protection {unknown}
 E - an uncursed ring of poison resistance {unknown}
 K - an uncursed ring of positive energy {unknown}
 L - an uncursed ring of stealth
 O - an uncursed ring of flight {unknown}
Wands
 j - a wand of disintegration (4)
 p - a wand of iceblast (6)
 I - a wand of flame (58)
Scrolls
 f - 2 scrolls of enchant armour {unknown}
 g - 3 scrolls of teleportation
 l - a scroll of immolation {unknown}
 s - 3 scrolls of magic mapping
 B - a scroll of fear {unknown}
 F - a scroll of fog {unknown}
 H - a scroll of torment {unknown}
 M - 3 scrolls of remove curse
 R - a scroll of identify
 S - a scroll of vulnerability {unknown}
Potions
 d - 2 potions of flight
 e - 3 potions of heal wounds
 i - a potion of resistance
 m - a potion of magic
 o - a potion of cancellation
 q - 2 potions of brilliance
 t - a potion of ambrosia
 v - 3 potions of berserk rage
 w - 3 potions of mutation
 z - 2 potions of lignification
 G - 5 potions of curing
 P - a potion of agility {unknown}
Comestibles
 c - 18 rations


   Skills:
 - Level 5.0(4.2) Fighting
 - Level 14.0(13.0) Polearms
 - Level 6.0(5.2) Dodging
 - Level 2.1(1.4) Stealth
 - Level 4.1(3.3) Shields
 - Level 2.0(1.2) Spellcasting
 - Level 0.7(0.0) Conjurations
 - Level 10.0(9.0) Ice Magic
 + Level 2.2(1.5) Invocations


You had 7 spell levels left.
You knew the following spells:

 Your Spells              Type           Power        Failure   Level  Hunger
a - Freeze                Ice            ####         1%          1    ##.....
b - Throw Frost           Conj/Ice       ####..       4%          2    ###....
c - Ozocubu's Armour      Chrm/Ice       ####....     10%         3    ####...

Your spell library contained the following spells:

 Spells                   Type           Power        Failure   Level  Hunger
 Summon Ice Beast         Ice/Summ       ####....     32%         4    #####..
 Throw Icicle             Conj/Ice       ####....     32%         4    #####..


Dungeon Overview and Level Annotations

Branches:
Dungeon (11/15)            Temple (0/1) D:6
   Lair: D:8-11         Orc: D:9-12

Altars:
Elyvilon
Fedhas
Makhleb
Trog

Shops:
D:6 ?   D:9 !*((   D:10 }

Annotations:
D:3 2 exclusions, Pawles22's ghost, amateur MiMo
D:4 Totori's ghost, amateur OgTm
D:6 Prince Ribbit
D:8 !2he


Message History

Aim: an adder You feel a surge of power!
You freeze the adder.
The adder seems to slow down.
The adder is heavily wounded.
You hear a distant blaring wail to the northeast.
Casting: Freeze (safe; 1% risk of failure)
Confirm with . or Enter, or press ? or * to list all spells.
Aiming: Freeze (safe; 1% risk of failure)
Press: ? - help, Shift-Dir - straight line, f/p - adder
Aim: an adder (heavily wounded, slow)
You feel a surge of power!
You freeze the adder.
You kill the adder!
Makhleb accepts your kill.
An orc opens the large door.
An orc comes into view. It is wielding a dagger of draining.
The orc moves out of view.
The cyclops throws a large rock.
The large rock hits you!!!
Ouch! That really hurt!
You see here a large rock.
The cyclops throws a large rock.
The large rock hits you!!
You die...

#.........................
####+####'#####....#+#####
#......<..# #....#
#.........# ..
########+##+##C.
................
........<.......
................
........@.......
........(.......
########.'#####. #''#
#........# #.≈≈..≈≈.#
#.≈≈..≈≈.# .'§...)...+
..o........+


You could see a cyclops.

Vanquished Creatures
  2 trolls (D:10)
  2 hippogriffs
  6 yaks
  A spriggan (D:7)
  5 necrophages
  2 black bears
  An orc warrior (D:6)
  A phantom (D:10)
  5 ogres
  3 centaurs
  Blork the orc (D:6)
  5 bullfrogs
  2 scorpions (D:6)
  5 killer bees
  A water moccasin skeleton (D:8)
  3 wights (D:10)
  2 crimson imps
  A bullfrog zombie (D:7)
  4 jellies
  A quasit (D:7)
  5 hounds
  9 orc wizards
  5 iguanas
  2 centaur skeletons
  4 orc priests
  9 worker ants
  2 hound skeletons
  2 worker ant zombies
  10 adders
  9 gnolls
  3 shadow imps
  2 oozes
  An adder zombie (D:9)
  An adder skeleton (D:9)
  2 worms (D:2)
  2 dart slugs (D:1)
  6 leopard geckos
  15 orcs
  6 bats
  2 giant cockroaches
  5 goblins
  10 hobgoblins
  7 jackals
  4 kobolds
  2 quokkas
  A ball python (D:1)
  8 frilled lizards
  A jackal skeleton (D:5)
  A quokka skeleton (D:7)
  5 rats
194 creatures vanquished.

Vanquished Creatures (others)
  An orc wizard (D:6)
1 creature vanquished.

Grand Total: 195 creatures vanquished

Notes
Turn   | Place    | Note
-------+----------+-------------------------------------------
     0 | D:1      | tilp the Merfolk Ice Elementalist began the quest for the Orb.
     0 | D:1      | Reached XP level 1. HP: 13/13 MP: 3/3
   233 | D:1      | Reached XP level 2. HP: 16/19 MP: 0/5
   239 | D:1      | Learned a level 2 spell: Throw Frost
   521 | D:1      | Reached XP level 3. HP: 24/24 MP: 3/6
   526 | D:1      | Learned a level 3 spell: Ozocubu's Armour
  1489 | D:2      | Reached skill level 5 in Ice Magic
  1561 | D:2      | Reached XP level 4. HP: 25/30 MP: 1/7
  1852 | D:2      | Reached XP level 5. HP: 33/35 MP: 3/8
  2885 | D:3      | Found a blossoming altar of Fedhas.
  3323 | D:3      | Noticed Pawles22's ghost (amateur MiMo)
  3660 | D:4      | Reached XP level 6. HP: 26/41 MP: 9/9
  3680 | D:4      | Noticed Totori's ghost (amateur OgTm)
  4055 | D:4      | Reached skill level 1 in Fighting
  4579 | D:4      | Found a burning altar of Makhleb.
  4586 | D:4      | Became a worshipper of Makhleb the Destroyer
  4701 | D:5      | Entered Level 5 of the Dungeon
  5156 | D:5      | Reached XP level 7. HP: 54/54 MP: 10/10
  6294 | D:5      | Reached skill level 5 in Fighting
  6509 | D:6      | Reached skill level 1 in Shields
  6614 | D:6      | Noticed Blork the orc
  6642 | D:6      | Killed Blork the orc
  6773 | D:6      | Reached * piety under Makhleb
  6897 | D:6      | Reached XP level 8. HP: 62/62 MP: 10/11
  6940 | D:6      | Found Demminu's Magic Scroll Boutique.
  6943 | D:6      | Bought a scroll of teleportation for 42 gold pieces
  6943 | D:6      | Bought a scroll of teleportation for 42 gold pieces
  6943 | D:6      | Bought a scroll of magic mapping for 49 gold pieces
  6943 | D:6      | Bought a scroll of identify for 28 gold pieces
  6943 | D:6      | Bought a scroll of identify for 28 gold pieces
  6943 | D:6      | Bought a scroll of random uselessness for 14 gold pieces
  6943 | D:6      | Bought a scroll of remove curse for 42 gold pieces
  6943 | D:6      | Bought a scroll of identify for 28 gold pieces
  6943 | D:6      | Bought a scroll of teleportation for 42 gold pieces
  7022 | D:6      | Noticed Prince Ribbit
  7324 | D:6      | Found a bloodstained altar of Trog.
  7349 | D:6      | Reached skill level 5 in Dodging
  7658 | D:6      | Found a staircase to the Ecumenical Temple.
  7904 | D:6      | Reached skill level 1 in Polearms
  7906 | D:6      | Reached skill level 2 in Polearms
  8245 | D:7      | Reached skill level 3 in Polearms
  8357 | D:7      | Reached skill level 4 in Polearms
  8460 | D:7      | Reached skill level 5 in Polearms
  8547 | D:7      | Reached skill level 6 in Polearms
  8696 | D:7      | Found a white marble altar of Elyvilon.
  8793 | D:7      | Noticed a spriggan baker
  8801 | D:7      | Killed a spriggan baker
  8801 | D:7      | Reached skill level 8 in Polearms
  8801 | D:7      | Reached XP level 9. HP: 58/67 MP: 10/12
  8988 | D:7      | Reached skill level 9 in Polearms
  9592 | D:8      | Reached ** piety under Makhleb
  9691 | D:8      | Reached skill level 10 in Polearms
  9887 | D:8      | Noticed a two-headed ogre
 10237 | D:8      | Reached skill level 11 in Polearms
 11138 | D:9      | Found Cyip's Weapon Shop.
 11191 | D:9      | Found Huhuth's General Store.
 11205 | D:9      | Found Beuptahaat's Antique Weapon Emporium.
 11214 | D:9      | Reached skill level 12 in Polearms
 11471 | D:9      | Found Enoczes's Distillery.
 11757 | D:10     | Entered Level 10 of the Dungeon
 11770 | D:9      | Reached skill level 13 in Polearms
 11770 | D:9      | Reached XP level 10. HP: 73/73 MP: 9/13
 12140 | D:10     | Reached skill level 14 in Polearms
 13371 | D:10     | Found Fajaurph's Gadget Shoppe.
 13554 | D:10     | Reached skill level 10 in Ice Magic
 13744 | D:11     | Noticed a cyclops
 13779 | D:10     | Reached *** piety under Makhleb
 13779 | D:10     | Reached skill level 1 in Invocations
 13963 | D:11     | Hit by a large rock thrown by a cyclops

Vault maps used:
D:1:      minmay_arrival_split_and_join, minmay_tromino_i4
D:3:      first_ration, fedhas_altar_3
D:4:      minmay_wonky_spiral, lemuel_crystal_altar
D:6:      minmay_temple_entry_statues_fountains, serial_shops,
          nicolae_shop_behind_doors, trog_butcher_becter, uniq_blork_the_orc,
          uniq_prince_ribbit1
D:7:      the_bakery, lemuel_tele_altar
D:9:      serial_shops, shop, nicolae_shop_window_shopping,
          nicolae_shop_behind_doors, nicolae_shop_stone
D:10:     serial_shops, nicolae_shop_window_shopping, serial_co_window_serial,
          co_window_corner_a, co_window_of_opportunity_a, co_window_paths_b,
          co_window_cross_1, co_window_paths_a, co_window_paths_a,
          co_window_of_opportunity_a, co_window_broadway_a,
          co_window_unsneaky_path_e, co_window_broadway_b, co_window_2corner,
          co_window_corner_b, co_window_paths_e, glass_columns_b,
          glass_columns_c, glass_columns_b
D:11:     minmay_lair_entry_lava, kennysheep_generic_room_5, uniq_josephine,
          uniq_snorg

Skill      XL: |  1  2  3  4  5  6  7  8  9 10 |
---------------+-------------------------------+-----
Ice Magic      | 4 5 6 7 10 | 10.0
Fighting       | 4 5 |  5.0
Shields        | 4 |  4.1
Dodging        | 6 |  6.0
Polearms       | 8 13 14 | 14.0
Invocations    | 2 |  2.2
Stealth        | |  2.1
Spellcasting   | |  2.0
Conjurations   | |  0.7

Action                   |  1- 3 |  4- 6 |  7- 9 | 10-12 || total
-------------------------+-------+-------+-------+-------++-------
Melee: Unarmed           |     3 |       |       |       ||     3
       Dagger            |    26 |    68 |    71 |       ||   165
       Spear             |       |       |   100 |       ||   100
       Trident           |       |       |   100 |   219 ||   319
Throw: Stone             |     2 |       |       |       ||     2
       Tomahawk          |       |     1 |    10 |     1 ||    12
 Cast: Freeze            |    44 |    63 |   150 |    48 ||   305
       Ozocubu's Armour  |     1 |     9 |    41 |    22 ||    73
       Throw Frost       |     1 |    15 |    98 |    27 ||   141
Invok: Minor Destruction |       |       |       |     1 ||     1
Evoke: Wand              |       |       |     8 |       ||     8
  Use: Scroll            |     4 |     5 |     7 |     2 ||    18
       Potion            |       |       |     1 |       ||     1
 Stab: Sleeping          |     4 |     5 |     3 |       ||    12
  Eat: Chunk             |     3 |    11 |    31 |     7 ||    52
       Ration            |       |     1 |     2 |     1 ||     4
Armor: Robe              |     7 |    22 |    66 |    33 ||   128
       Skin              |       |       |    33 |       ||    33
Dodge: Dodged            |    39 |    79 |   170 |   103 ||   391
Block: Buckler           |       |    22 |    96 |    57 ||   175

Table legend:
 A = Spawn XP
 B = Non-spawn XP
 C = Spawn XP percentage of total XP
 D = Spawn monster count
 E = Non-spawn monster count
 F = Spawn count percentage of total count
 G = Total turns spent on level
                    A         B        C        D         E        F      G
               +---------+---------+-------+---------+---------+-------+---------
         Total |       0 |    8092 |   0.0 |       0 |     195 |   0.0 | 13963
               +---------+---------+-------+---------+---------+-------+---------
           D:1 |       0 |      47 |   0.0 |       0 |      25 |   0.0 |  1151
           D:2 |       0 |     170 |   0.0 |       0 |      26 |   0.0 |  1481
           D:3 |       0 |      25 |   0.0 |       0 |       7 |   0.0 |   927
           D:4 |       0 |     166 |   0.0 |       0 |      10 |   0.0 |  1142
           D:5 |       0 |     386 |   0.0 |       0 |      19 |   0.0 |  1801
           D:6 |       0 |     938 |   0.0 |       0 |      20 |   0.0 |  1632
           D:7 |       0 |    1133 |   0.0 |       0 |      19 |   0.0 |  1408
           D:8 |       0 |     728 |   0.0 |       0 |      19 |   0.0 |  1059
           D:9 |       0 |    1085 |   0.0 |       0 |      20 |   0.0 |  1260
          D:10 |       0 |    3117 |   0.0 |       0 |      26 |   0.0 |  1939
          D:11 |       0 |     297 |   0.0 |       0 |       4 |   0.0 |   163
               +---------+---------+-------+---------+---------+-------+---------
